 Dungeon Crawl Stone Soup version 0.28.0-43-g3370ac3207 (webtiles) character file.

Game seed: 10287856529737489997

106 Exporg the Shield-Bearer (level 5, -2/42 HPs)
             Began as a Formicid Fighter on Mar 5, 2022.
             Splashed by a jelly's acid (8 damage)
             ... on level 3 of the Dungeon.
             The game lasted 00:03:08 (2156 turns).

Exporg the Shield-Bearer (Formicid Fighter)         Turns: 2156, Time: 00:03:11

Health: -2/42      AC:  5    Str: 20    XL:     5   Next: 10%
Magic:  5/5        EV:  7    Int:  8    God:
Gold:   63         SH:  5    Dex: 12    Spells: 4/4 levels left

rFire   . . .      SeeInvis +   a - +0 trident
rCold   . . .      Faith    .   c - +0 buckler
rNeg    + . .      Spirit   .   k - +0 chain mail
rPois   .          Reflect  .   (helmet unavailable)
rElec   .          Harm     .   (no cloak)
rCorr   .          Rampage  .   (no gloves)
Will    .....                   (no boots)
Stlth   ..........              (no amulet)
HPRegen 0.14/turn               n - ring of positive energy
MPRegen 0.09/turn               (no ring)

@: corroded
A: permanent stasis, dig shafts and tunnels, antennae 3, four strong arms
a: Dig, Shaft Self


You were on level 3 of the Dungeon.
You visited 1 branch of the dungeon, and saw 5 of its levels.

You collected 63 gold pieces.

Inventory:

Hand Weapons
 a - a +0 trident (weapon)
Missiles
 j - 18 bolts
Armour
 b - a +0 scale mail
 c - a +0 buckler (worn)
 k - a +0 chain mail (worn)
Jewellery
 n - a ring of positive energy (left hand)
Wands
 t - a wand of mindburst (14)
Scrolls
 e - a scroll of silence {unknown}
 f - 2 scrolls of blinking {unknown}
 g - a scroll of noise {unknown}
 h - 2 scrolls of identify {unknown}
 i - a scroll of immolation {unknown}
 m - a scroll of amnesia {unknown}
 o - 2 scrolls of summoning {unknown}
 r - a scroll of teleportation {unknown}
 u - 2 scrolls of fear {unknown}
Potions
 d - a potion of might
 l - 2 potions of curing {unknown}
 p - a potion of berserk rage {unknown}
 q - a potion of cancellation {unknown}
 s - a potion of attraction {unknown}


   Skills:
 + Level 4.0 Fighting
 + Level 2.9 Polearms
 + Level 4.1 Armour
 + Level 0.1 Dodging
 + Level 0.1 Stealth
 + Level 4.4 Shields


You had 4 spell levels left.
You didn't know any spells.
Your spell library contained the following spells:

 Spells                   Type           Power      Damage    Failure   Level
 Lesser Beckoning         Tloc           0%         N/A       100%        3
 Manifold Assault         Tloc           0%         N/A       100%        5
 Blink                    Tloc           Unusable   N/A       N/A         2

Dungeon Overview and Level Annotations

Branches:
Dungeon (5/15)
 Temple: D:4-7

Altars:
Gozag
Sif Muna
The Shining One


Innate Abilities, Weirdness & Mutations

You cannot be hasted, slowed, berserked, paralysed or teleported.
You can dig through walls and to a lower floor.
You have a pair of large antennae on your head. (SInv)
Your four strong arms can wield two-handed weapons with a shield.


Message History

* * * LOW HITPOINT WARNING * * *
You barely miss the orc.
The orc is lightly wounded.
The orc hits you but does no damage.
You hit the orc.
The orc is heavily wounded.
The orc hits you with a +0 war axe.
* * * LOW HITPOINT WARNING * * *
You hit the orc.
You kill the orc!
You pick up a book of Spatial Translocations and begin reading...
You add the spells Lesser Beckoning and Manifold Assault to your library.
An ice beast comes into view.
Items here: ) ? [ †.
Okay, then.
You start resting.
You sense a monster nearby.
You start resting.
An ice beast is nearby!
Found a stone staircase leading up.
There is a stone staircase leading up here.
You climb upwards.
Found a scroll labelled XAASSI REOSKO and 11 stones.
Found a stone staircase leading up.
There is a stone staircase leading down here.
There is a stone staircase leading up here.
You climb upwards.
The jelly quivers.
There is a stone staircase leading down here.
You puncture the jelly!
Your hands burn!
* * * LOW HITPOINT WARNING * * *
The jelly is severely wounded.
The jelly hits you but does no damage.
You hit the jelly.
Your hands burn!
* * * LOW HITPOINT WARNING * * *
The jelly is severely wounded.
The jelly hits you.
* * * LOW HITPOINT WARNING * * *
The acid corrodes you!
You are splashed with acid!
You die...

..#
...
#.#
#..
#.#
#.#
#.#
#@#
#J#
#.#
..#
##..
##.
..
..
...


You could see a jelly.

Vanquished Creatures
  An iguana (D:5)
  3 adders
  A worm (D:2)
  2 dart slugs
  An orc (D:5)
  4 ball pythons
  4 endoplasms
  3 giant cockroaches
  2 goblins
  2 hobgoblins
  4 jackals (D:2)
  6 quokkas
  4 bats
  4 kobolds
  3 rats
44 creatures vanquished.

Notes
Turn   | Place    | Note
-------+----------+-------------------------------------------
     0 | D:1      | Exporg the Formicid Fighter began the quest for the Orb.
     0 | D:1      | Reached XP level 1. HP: 18/18 MP: 1/1
   123 | D:1      | Reached XP level 2. HP: 8/24 MP: 2/2
  1040 | D:2      | Reached XP level 3. HP: 5/29 MP: 3/3
  1307 | D:2      | Found a faded altar of an unknown god.
  1710 | D:2      | Reached XP level 4. HP: 35/37 MP: 4/4
  1921 | D:3      | Found a glowing golden altar of the Shining One.
  1961 | D:3      | Found a shimmering blue altar of Sif Muna.
  1961 | D:3      | Found an opulent altar of Gozag.
  2011 | D:3      | You fall into a shaft and drop 2 floors!
  2011 | D:5      | Entered Level 5 of the Dungeon
  2106 | D:5      | Reached XP level 5. HP: 23/42 MP: 5/5
  2119 | D:5      | Noticed an ice beast
  2156 | D:3      | Splashed by a jelly's acid

Illustrated notes

Levels and vault maps discovered:
D:1:      minmay_arrival_nine_rooms, layout_basic, minmay_nonomino_d4
D:2:      layout_basic, basic_ecumenical_altar
D:3:      layout_loops_ring, grunt_temple_overflow_open
D:4:      layout_loops_ring, serial_shops, shop, minmay_misc_feat_doors,
          uniq_crazy_yiuf_cottage
D:5:      layout_basic, tgw_fedhas, vehumet_altar_wand_db,
          ebering_ghost_reflecting_pool

Skill      XL: |  1  2  3  4 |
---------------+-------------+-----
Shields        | 4 |  4.4
Armour         | 4 |  4.1
Fighting       | 4 |  4.0
Polearms       | |  2.9
Dodging        | |  0.1
Stealth        | |  0.1

Action                   |  1- 3 |  4- 6 || total
-------------------------+-------+-------++-------
Melee: Trident           |    91 |    73 ||   164
Armor: Scale mail        |    10 |       ||    10
       Chain mail        |    26 |    36 ||    62
Dodge: Dodged            |    29 |    19 ||    48
Block: Buckler           |    18 |    11 ||    29
